 Dungeon Crawl Stone Soup version 0.28-a0-1594-ga885d4b3d6 (console) character file.

Game seed: 17283774320978030675

231062 jejorda2 the Phalangite (level 19, -9/235 HPs)
             Began as a Merfolk Berserker on Jan 20, 2022.
             Was an Elder of Trog.
             Mangled by an emperor scorpion (17 damage)
             ... on level 3 of the Spider Nest.
             The game lasted 02:12:28 (53868 turns).

jejorda2 the Phalangite (Merfolk Berserker)        Turns: 53868, Time: 02:12:28

Health: -9/235     AC: 28    Str: 23    XL:     19   Next: 49%
Magic:  14/28      EV: 17    Int:  8    God:    Trog [****..]
Gold:   709        SH:  0    Dex: 14    Spells: 18/18 levels left

rFire   . . .      SeeInvis .   a - +2 bardiche (venom)
rCold   + . .      Faith    .   (shield currently unavailable)
rNeg    . . .      Spirit   .   n - +4 chain mail {rC+}
rPois   .          Reflect  .   e - +2 helmet
rElec   +          Harm     .   H - +0 cloak
rCorr   .          Rampage  .   i - +2 pair of gloves
Will    ++...                   (boots currently unavailable)
Stlth   ..........              Z - amulet of the acrobat
HPRegen 0.49/turn               S - +4 ring of slaying
MPRegen 0.21/turn               L - ring "Xudd" {rElec Will+ MP+9}

@: berserking, lethally poisoned (-9 -> -68), very quick
A: nimble swimmer 2, mertail
}: 1/15 runes: decaying
a: Renounce Religion, Berserk, Trog's Hand, Brothers in Arms


You were on level 3 of the Spider Nest.
You worshipped Trog.
Trog was greatly pleased with you.
You visited 5 branches of the dungeon, and saw 30 of its levels.
You also visited: Gauntlet, Ice Cave and Volcano.

You collected 3099 gold pieces.
You spent 2390 gold pieces at shops.

Inventory:

Hand Weapons
 a - a +2 bardiche of venom (weapon)
 b - a +2 glaive of flaming
 w - a +2 antimagic bardiche
Missiles
 d - 9 javelins
 v - 8 curare-tipped darts
 D - 12 boomerangs of dispersal
 J - 19 boomerangs
 K - a throwing net
 N - 54 poisoned darts (quivered)
 P - 9 silver javelins
Armour
 e - a +2 helmet (worn)
 i - a +2 pair of gloves (worn)
 n - a +4 chain mail of cold resistance (worn)
 H - a +0 cloak (worn)
 V - the +1 pair of boots "Deliuh" (melded) {rPois rN+ MP-9 Str+7}
   (You found it in a Gauntlet)

   Str:       It affects your strength (+7).
   rPois:     It protects you from poison.
   rN:        It protects you from negative energy.
   MP:        It affects your magic capacity (-9).
Jewellery
 f - the ring "Koawn" {Fly Will+ Stlth+}
   (You found it on level 2 of the Spider Nest)

   [ring of flight]

   Fly:       It grants you flight.
   Will:      It increases your willpower.
   Stlth:     It makes you more stealthy.
 L - the ring "Xudd" (right hand) {rElec Will+ MP+9}
   (You found it in a Gauntlet)

   [ring of magical power]

   rElec:     It insulates you from electricity.
   MP:        It affects your magic capacity (+9).
   Will:      It increases your willpower.
 M - the ring of Poskucw {rF+ rN+}
   (You found it in an ice cave)

   [ring of positive energy]

   rF:        It protects you from fire.
   rN:        It protects you from negative energy.
 S - a +4 ring of slaying (left hand)
 Y - the ring "Zaunto" {rN+ MP+9 Dex+3 SInv}
   (You bought it in a shop on level 8 of the Dungeon)

   [ring of positive energy]

   Dex:       It affects your dexterity (+3).
   rN:        It protects you from negative energy.
   MP:        It affects your magic capacity (+9).
   SInv:      It lets you see invisible.
 Z - an amulet of the acrobat (around neck)
Wands
 k - a wand of acid (20)
 t - a wand of mindburst (23)
 u - a wand of flame (79)
 y - a wand of polymorph (12)
 B - a wand of iceblast (47)
 F - a wand of digging (13)
 G - a wand of charming (7)
 I - a wand of paralysis (1)
Scrolls
 c - 4 scrolls of blinking
 h - 5 scrolls of fog
 m - 17 scrolls of teleportation
 r - a scroll of enchant weapon
 z - 4 scrolls of magic mapping
 R - 2 scrolls of summoning
 U - a scroll of fear
Potions
 g - 2 potions of ambrosia
 j - 5 potions of attraction
 l - 3 potions of might
 o - 3 potions of cancellation
 p - 13 potions of curing
 q - 8 potions of mutation
 A - 5 potions of flight
 C - a potion of heal wounds
 E - 2 potions of invisibility
 O - 2 potions of haste
Miscellaneous
 s - a lightning rod (4/4)
 x - a tin of tremorstones (2/2)
 Q - a condenser vane (inert)
 W - a phial of floods (inert)


   Skills:
 + Level 16.0 Fighting
 - Level 24.0 Polearms
 * Level 5.2 Throwing
 + Level 18.2 Armour
 - Level 12.0 Dodging
 - Level 9.0 Evocations


You had 18 spell levels left.
You didn't know any spells.
Your spell library was empty.

Dungeon Overview and Level Annotations

Branches:
Dungeon (15/15)            Temple (0/1) D:5            Lair (6/6) D:8
  Swamp (4/4) Lair:3       Spider (3/4) Lair:2        Slime (0/5) Lair:6
    Orc (2/2) D:12            Elf (0/3) Orc:2        Vaults (0/5) D:14
 Depths (0/4) D:15          IceCv (visited)         Volcano (visited)
Gauntlet (visited)

Altars:
Cheibriados
Fedhas
Kikubaaqudgha
Uskayaw
Wu Jian
Yredelemnul
The Shining One
Beogh
Lugonu

Shops:
D:3 !*   D:8 =   D:11 ?   D:12 =   Orc:1 *   Orc:2 :[:

Portals:
Abyss: D:6 Lair:6

Annotations:
D:5 3 runed translucent doors, a3don's ghost, novice HuWz
D:6 2 transporters, comborobin's ghost, novice OpCA
Spider:3 Arachne; Nikola


Innate Abilities, Weirdness & Mutations

You are very nimble when in or above water. (Stealth+, EV+, Speed+++)
Your lower body shifts to a powerful aquatic tail in water.


Message History

Unknown command.
Unknown command.
Reach: a) +2 bardiche (venom)
Press: ? - help, Dir - move target, f/p - Nikola
Aim: Nikola, wielding a +0 rapier of electrocution, wearing a +1 cloak and wearing a +0 pair of gloves (poison gas, waterlogged, about 23% to evade your +2 bardiche of venom)
Okay, then.
Unknown command.
Unknown command.
A red film seems to cover your vision as you go berserk!
You feel yourself moving faster!
You feel mighty! Arachne casts a spell at you.
The bolt of poison hits the emperor scorpion!
The bolt of poison hits you!!!
You are poisoned.
* * * LOW HITPOINT WARNING * * *
The wolf spider is engulfed in poison gas.
The wolf spider looks even sicker.
The wolf spider misses you.
The wolf spider splashes around in the water.
The emperor scorpion stings you!
* * * LOW HITPOINT WARNING * * *
You are lethally poisoned!
The emperor scorpion poisons you! The emperor scorpion claws you.
* * * LOW HITPOINT WARNING * * *
The emperor scorpion claws you but does no damage.
Nikola is engulfed in poison gas.
Nikola is poisoned.
The orb spider is engulfed in poison gas.
The orb spider is poisoned.
Unknown command.
Reach: a) +2 bardiche (venom)
Press: ? - help, Dir - move target, f/p - Nikola
Aim: Nikola, wielding a +0 rapier of electrocution, wearing a +1 cloak and wearing a +0 pair of gloves (poison gas, lightly wounded, poisoned, waterlogged, about 23% to evade your +2 bardiche of venom)
Okay, then.
Unknown command.
Unknown command.
You barely miss Nikola.
Nikola is lightly wounded.
* * * LOW HITPOINT WARNING * * *
You feel extremely sick. The emperor scorpion stings you!
You die...

#<# .# .# #... .## .. ....
..# (.# ..... ..##..#
...... #.... $..$...>...
##... ##.......... #§§#
##........... ##@@#
##............
#ss####.............
####§H###..............
|..##..§s§.s...@.....(.....
#.....#...s......§(.......
##
######.###..............^.
##.##### ##.##
##...............
.......####.##
###H....).......
........#..##
####..^......s


You could see Arachne, Nikola (poisoned, waterlogged), an emperor scorpion
(extremely poisoned, waterlogged), a wolf spider (very poisoned, waterlogged)
and an orb spider (charged, poisoned).

Vanquished Creatures
  Saint Roka (Orc:2)
  A tentacled monstrosity (Swamp:4)
  The ghost of Kaytir the Brawler, an adept TrCA of Ignis (Spider:2)
  A thorn hunter (Swamp:4)
  Frances (D:14)
  Donald (D:12)
  A fenstrider witch (Swamp:2)
  3 ghost moths
  2 emperor scorpions (Spider:2)
  The ghost of knot the Severer, an adept DsBe of Trog (Spider:1)
  Louise (D:14)
  2 orc warlords
  A stone giant (D:15)
  2 vampire knights (Swamp:4)
  5 eleionomae
  3 bunyips
  A dire elephant (Lair:1)
  A minotaur (Gauntlet)
  An entropy weaver (Spider:1)
  Josephine (D:12)
  5 shambling mangroves (Swamp:4)
  Harold (D:9)
  8 vault guards (D:14)
  28 hydras
  4 caustic shrike simulacra (IceCv)
  4 ogre magi
  Erolcha (D:13)
  3 boulder beetles
  3 ghost crabs
  Erica (D:9)
  5 centaur warriors
  A jorogumo (Spider:1)
  3 anacondas (Lair:1)
  2 death yaks
  Urug (D:13)
  2 death knights
  13 alligators
  The ghost of hashsling the Summoner, a journeyman TeSu (D:11)
  22 two-headed ogres
  2 orc high priests (Orc:2)
  8 tengu warriors
  4 thrashing horrors (Lair:6)
  Sonja (Orc:2)
  A fire crab (Lair:1)
  5 pharaoh ants
  6 goliath frogs
  3 flayed ghosts
  5 spriggan druids
  2 orb spiders (Spider:2)
  3 spriggan simulacra (IceCv)
  A lindwurm (Lair:5)
  5 spectral hydras (Swamp:4)
  An obsidian statue (IceCv)
  Pikel (D:7)
  13 bog bodies
  A wizard (D:15)
  A phantasmal warrior (D:12)
  A necromancer (IceCv)
  8 swamp dragons
  An orc knight (Orc:1)
  A mana viper (shapeshifter) (Lair:6)
  3 oklob plants
  12 ugly things
  11 wolf spiders
  2 orc sorcerers
  18 elephants
  4 cyclopes
  2 moths of wrath (Spider:2)
  3 will-o-the-wisps
  2 manticores
  Maurice (D:9)
  3 ice statues
  Joseph (D:9)
  3 black mambas (Lair:1)
  A cane toad (shapeshifter) (Lair:6)
  A gargoyle (D:9)
  A torpor snail (Lair:6)
  13 cane toads
  3 smoke demons
  Maggie (D:7)
  3 kobold demonologists (D:11)
  2 efreet
  3 demonic crawlers (Spider:1)
  13 rime drakes
  Psyche (D:9)
  6 komodo dragons
  An anaconda simulacrum (IceCv)
  An unseen horror (D:13)
  An entropy weaver simulacrum (IceCv)
  4 tengu conjurers
  15 freezing wraiths
  3 ice devils
  4 hydra zombies (Swamp:4)
  6 meliai
  6 trolls
  2 bloated husks
  2 ancient zymes (Lair:6)
  A golden dragon simulacrum (IceCv)
  A death drake zombie (Swamp:4)
  12 tarantellas
  A queen bee (Gauntlet)
  14 dream sheep (Lair:4)
  13 tyrant leeches
  3 polar bears
  12 hornets
  22 blink frogs
  6 slime creatures (D:14)
  2 hydra skeletons (Swamp:4)
  A meliai zombie (D:11)
  A shadow (D:12)
  6 spriggans
  10 jumping spiders
  A water elemental (D:11)
  A vampire (D:11)
  8 wraiths
  15 wyverns
  81 yaks
  7 culicivoras
  8 fire bats (Volcano)
  3 ynoxinuls (Lair:6)
  18 basilisks
  8 small abominations (Lair:6)
  17 redbacks
  A chaos spawn (Lair:6)
  5 dire elephant simulacra
  13 vampire mosquitoes
  2 steam dragons
  Menkaure (D:4)
  4 harpy simulacra (IceCv)
  9 swamp worms
  A hydra simulacrum (Swamp:4)
  6 wargs
  5 acid dragons
  19 water moccasins
  10 swamp drakes
  29 orc warriors
  A sky beast (D:5)
  2 hell hounds
  3 alligator simulacra (IceCv)
  3 ice beasts
  3 swamp dragon zombies (Swamp:4)
  An ettin simulacrum (IceCv)
  3 black bears
  8 wolves (Lair:1)
  29 ogres
  20 centaurs
  2 swamp dragon skeletons (Swamp:4)
  Blork the orc (D:3)
  13 bullfrogs
  10 kobold brigands
  2 gnoll sergeants
  3 scorpions
  A two-headed ogre simulacrum (D:12)
  A lindwurm simulacrum (IceCv)
  9 wights
  8 killer bees
  3 howler monkeys (D:9)
  5 electric eels
  2 crimson imps (Gauntlet)
  6 lava snakes (Volcano)
  6 centaur zombies
  A bullfrog zombie (D:5)
  2 gnoll shamans
  3 hounds
  18 orc priests
  Ijyb (D:4)
  2 jellies
  A bullfrog skeleton (D:6)
  A centaur skeleton (D:7)
  3 iguanas
  17 orc wizards
  8 hell rats
  2 polar bear simulacra (D:12)
  A wolf simulacrum (D:12)
  2 hound zombies (D:5)
  A hound skeleton (D:5)
  2 howler monkey zombies (D:9)
  13 gnolls
  7 adders
  A naga simulacrum (D:12)
  An ufetubus (D:6)
  4 dart slugs
  70 orcs
  8 ball pythons
  3 endoplasms
  4 giant cockroaches
  4 hobgoblins
  3 jackals (D:2)
  10 quokkas
  4 bats
  2 frilled lizards (D:2)
  2 goblins
  27 kobolds
  4 rats
1125 creatures vanquished.

Vanquished Creatures (collateral kills)
  A lich (IceCv)
  An entropy weaver (Spider:2)
  Snorg (Orc:2)
  3 death yaks (Lair:5)
  A bog body (IceCv)
  2 oklob plants
  A kobold demonologist (D:11)
  4 freezing wraiths (IceCv)
  A jumping spider (Spider:2)
  A culicivora (Spider:2)
  A redback (Spider:2)
  An orc warrior (Orc:2)
  An alligator simulacrum (IceCv)
  3 kobold brigands (D:11)
  A bullfrog (Lair:5)
  A lindwurm simulacrum (IceCv)
24 creatures vanquished.

Vanquished Creatures (others)
  An orb spider (Spider:2)
  4 bloated husks
  A tyrant leech (Swamp:1)
  A hornet (Lair:1)
  2 jumping spiders (Spider:3)
  A culicivora (Spider:3)
  31 foxfires
  34 fungi
  67 plants
142 creatures vanquished.

Grand Total: 1291 creatures vanquished

Notes
Turn   | Place    | Note
-------+----------+-------------------------------------------
     0 | D:1      | jejorda2 the Merfolk Berserker began the quest for the Orb.
     0 | D:1      | Reached XP level 1. HP: 18/18 MP: 1/1
   193 | D:1      | Reached XP level 2. HP: 24/24 MP: 2/2
   398 | D:1      | Reached skill level 5 in Polearms
   821 | D:1      | Found a faded altar of an unknown god.
  1260 | D:2      | Reached XP level 3. HP: 22/29 MP: 3/3
  1841 | D:2      | Found Mocla's Jewellery Emporium.
  2430 | D:3      | Reached XP level 4. HP: 31/37 MP: 4/4
  2561 | D:3      | Reached skill level 6 in Polearms
  2627 | D:3      | Found a transporter.
  2658 | D:3      | Found a transporter.
  2731 | D:3      | Found Usuko's Distillery.
  2742 | D:3      | Bought a potion of curing for 42 gold pieces
  3225 | D:3      | Found Nautaom's General Store.
  3233 | D:3      | Bought a +0 trident for 42 gold pieces
  3662 | D:3      | Reached XP level 5. HP: 14/42 MP: 5/5
  3866 | D:3      | Reached skill level 7 in Polearms
  3966 | D:4      | Noticed Blork the orc
  3976 | D:3      | Killed Blork the orc
  3977 | D:3      | Reached XP level 6. HP: 20/49 MP: 6/6
  4533 | D:4      | You fall into a shaft and drop 2 floors!
  4791 | D:6      | Reached skill level 8 in Polearms
  4917 | D:6      | Noticed a steam dragon
  4928 | D:6      | Killed a steam dragon
  4929 | D:6      | Reached skill level 5 in Fighting
  4929 | D:6      | Reached XP level 7. HP: 56/56 MP: 7/7
  5139 | D:6      | Reached skill level 9 in Polearms
  5399 | D:6      | Found a transporter.
  5399 | D:6      | Noticed a toenail golem
  5403 | D:6      | Found a transporter.
  5403 | D:6      | Noticed comborobin's ghost (novice OpCA)
  5408 | D:6      | Found a one-way gate to the infinite horrors of the Abyss.
  5454 | D:6      | Noticed a large abomination
  5550 | D:6      | Reached XP level 8. HP: 64/64 MP: 8/8
  5556 | D:6      | Reached skill level 10 in Polearms
  5847 | D:6      | Reached skill level 11 in Polearms
  6142 | D:5      | Entered Level 5 of the Dungeon
  6302 | D:5      | Reached skill level 12 in Polearms
  6408 | D:5      | Reached ** piety under Trog
  6441 | D:5      | Reached XP level 9. HP: 53/69 MP: 9/9
  6720 | D:5      | Found a staircase to the Ecumenical Temple.
  6872 | D:5      | Found a runed translucent gate.
  6872 | D:5      | Found a runed translucent gate.
  6872 | D:5      | Found a runed translucent gate.
  6872 | D:5      | Noticed a3don's ghost (novice HuWz)
  7141 | D:4      | Noticed Menkaure
  7147 | D:4      | Reached skill level 13 in Polearms
  7151 | D:4      | Killed Menkaure
  7152 | D:4      | Reached skill level 5 in Armour
  7719 | D:4      | Noticed Ijyb
  7730 | D:4      | Killed Ijyb
  8410 | D:3      | Bought a scroll of blinking for 90 gold pieces
  8650 | D:7      | Noticed Maggie
  8668 | D:7      | Killed Maggie
  8669 | D:7      | Reached skill level 14 in Polearms
  8745 | D:7      | Found a glowing golden altar of the Shining One.
  8831 | D:7      | Noticed Pikel
  8842 | D:7      | Killed Pikel
  8866 | D:7      | Reached skill level 15 in Polearms
  9253 | D:8      | Reached XP level 10. HP: 76/76 MP: 10/10
  9364 | D:8      | Reached skill level 16 in Polearms
  9584 | D:8      | Reached skill level 17 in Polearms
  9948 | D:8      | Found a staircase to the Lair.
 10029 | D:8      | Found Weejull's One-of-a-Kind Rings.
 10388 | D:9      | Noticed Erica
 10389 | D:9      | Noticed a two-headed ogre
 10396 | D:9      | Killed a two-headed ogre
 10397 | D:9      | Reached skill level 18 in Polearms
 10408 | D:9      | Killed Erica
 10409 | D:9      | Reached skill level 19 in Polearms
 10706 | D:9      | Noticed Maurice
 10717 | D:9      | Killed Maurice
 10718 | D:9      | Reached XP level 11. HP: 81/81 MP: 11/11
 11037 | D:9      | Reached skill level 20 in Polearms
 11241 | D:9      | Reached *** piety under Trog
 11242 | D:9      | Reached skill level 1 in Evocations
 11477 | D:9      | Noticed Psyche
 11477 | D:9      | Noticed Harold
 11487 | D:9      | Noticed Joseph
 11488 | D:9      | Killed Harold
 11499 | D:9      | Killed Joseph
 11522 | D:9      | Killed Psyche
 11846 | D:9      | Reached skill level 5 in Dodging
 12121 | D:10     | Entered Level 10 of the Dungeon
 12557 | D:10     | Noticed a two-headed ogre
 12569 | D:10     | Killed a two-headed ogre
 13214 | Lair:1   | Entered Level 1 of the Lair of Beasts
 13291 | Lair:1   | Reached skill level 5 in Evocations
 13588 | Lair:1   | Found a dark tunnel.
 13610 | Volcano  | Entered a volcano
 13657 | Volcano  | Reached XP level 12. HP: 58/88 MP: 12/12
 14013 | Volcano  | Found a radiant altar of Vehumet.
 14276 | Lair:1   | Reached **** piety under Trog
 14508 | Lair:1   | Noticed an anaconda
 14508 | Lair:1   | Noticed a death yak
 14508 | Lair:1   | Noticed a dire elephant
 14544 | Lair:1   | Killed an anaconda
 14557 | Lair:1   | Killed a dire elephant
 14831 | Lair:1   | Killed a death yak
 14931 | Lair:1   | Noticed an anaconda
 14931 | Lair:1   | Noticed an anaconda
 15208 | Lair:1   | Killed an anaconda
 15293 | Lair:1   | Killed an anaconda
 15318 | Lair:1   | Reached XP level 13. HP: 71/98 MP: 13/13
 15320 | Lair:1   | Identified the +2 robe "Niotrell" {Harm Rampage Archmagi}
 15563 | Lair:2   | Reached skill level 10 in Armour
 15702 | Lair:2   | Identified the +5 scimitar of the Sage {antimagic, rPois}
 15992 | Lair:2   | Found a hole to the Spider Nest.
 17195 | Lair:3   | Found a staircase to the Swamp.
 17868 | Lair:3   | Reached skill level 10 in Fighting
 18237 | Lair:4   | Reached XP level 14. HP: 111/111 MP: 14/14
 18420 | Lair:4   | Found an ancient bone altar of Kikubaaqudgha.
 19830 | Lair:4   | Reached ***** piety under Trog
 20273 | Lair:5   | Found a snail-covered altar of Cheibriados.
 20671 | Lair:5   | Found a hide-covered altar of Uskayaw.
 20671 | Lair:5   | Found an ornate altar of the Wu Jian Council.
 21109 | Lair:6   | Entered Level 6 of the Lair of Beasts
 21795 | Lair:6   | Found a staircase to the Slime Pits.
 22124 | Lair:6   | Reached XP level 15. HP: 118/122 MP: 15/15
 23680 | Lair:6   | Received a gift from Trog
 23864 | Lair:6   | Identified the +1 robe of Defiance {Harm rPois Stlth+}
 24231 | Lair:6   | Found a corrupted altar of Lugonu.
 25162 | D:11     | Found Deumenal's Magic Scroll Shoppe.
 25233 | D:11     | Found a runed translucent gate.
 25234 | D:11     | Found a runed translucent gate.
 25235 | D:11     | Found a runed translucent gate.
 25235 | D:11     | Noticed hashsling's ghost (journeyman TeSu)
 25631 | D:11     | Killed hashsling's ghost
 25733 | D:12     | Found a staircase to the Orcish Mines.
 25863 | D:12     | Found a basalt altar of Yredelemnul.
 26191 | D:12     | Found Lanlaisk's Jewellery Shoppe.
 26304 | D:12     | Noticed Josephine
 26313 | D:12     | Killed Josephine
 26736 | D:12     | Reached XP level 16. HP: 109/133 MP: 16/16
 27585 | D:13     | Noticed Erolcha
 27588 | D:13     | Killed Erolcha
 27820 | D:13     | Noticed Urug
 27833 | D:13     | Killed Urug
 28229 | Orc:1    | Entered Level 1 of the Orcish Mines
 28229 | Orc:1    | Found Hiudghenn's Gadget Gallery.
 28692 | Orc:1    | Bought a tin of tremorstones (2/2) for 560 gold pieces
 28702 | Orc:2    | Entered Level 2 of the Orcish Mines
 28702 | Orc:2    | Noticed Snorg
 28702 | Orc:2    | Noticed Saint Roka
 28702 | Orc:2    | Found a staircase to the Elven Halls.
 28704 | Orc:2    | Killed Snorg
 28706 | Orc:2    | Received a gift from Trog
 28708 | Orc:2    | Noticed Donald
 29107 | D:12     | Killed Donald
 29688 | Orc:2    | Killed Saint Roka
 29689 | Orc:2    | Reached skill level 15 in Armour
 30046 | Orc:2    | Noticed Sonja
 30055 | Orc:2    | Killed Sonja
 30306 | Orc:1    | Paralysed by an ogre mage for 6 turns
 31579 | Orc:2    | Paralysed by an ogre mage for 3 turns
 31796 | Orc:2    | Paralysed by an ogre mage for 7 turns
 31802 | Orc:2    | HP: 2/133 [orc warrior[an orc high priest] (13)]
 32184 | Orc:2    | Reached skill level 21 in Polearms
 32350 | Orc:2    | Found Jalesm's Armour Emporium.
 32350 | Orc:2    | Found Myibyisav's Book Shop.
 32351 | Orc:2    | Found Eskoobur's Book Boutique.
 32351 | Orc:2    | Found Zaveagh's Jewellery Emporium.
 32880 | Orc:1    | Bought a lightning rod (4/4) for 420 gold pieces
 32880 | Orc:1    | Bought a phial of floods for 560 gold pieces
 33062 | D:14     | Found a snail-covered altar of Cheibriados.
 33396 | D:14     | Found a gate to the Vaults.
 33411 | D:14     | Reached XP level 17. HP: 137/139 MP: 17/17
 33883 | D:14     | Reached skill level 22 in Polearms
 33888 | D:14     | Received a gift from Trog
 34130 | D:14     | Noticed Frances
 34141 | D:14     | Killed Frances
 34318 | D:14     | Noticed Louise
 34337 | D:14     | Killed Louise
 34709 | D:15     | Entered Level 15 of the Dungeon
 34721 | D:15     | Found a gate leading to a gauntlet.
 34730 | Gauntlet | Entered a Gauntlet
 34730 | Gauntlet | Found a transporter.
 34730 | Gauntlet | Found a transporter.
 34734 | Gauntlet | Found a transporter.
 34734 | Gauntlet | Found a transporter.
 34748 | Gauntlet | Found a transporter.
 34758 | Gauntlet | Found a transporter.
 34768 | Gauntlet | Found a transporter.
 34769 | Gauntlet | Found a transporter.
 34771 | Gauntlet | Found a transporter.
 34798 | Gauntlet | Found a transporter.
 34805 | Gauntlet | Found a transporter.
 34850 | Gauntlet | Found the +6 arbalest "Damnation" {damnation}
 34851 | Gauntlet | Found a transporter.
 34860 | Gauntlet | Found a transporter.
 34862 | Gauntlet | Found a large runed translucent door.
 34862 | Gauntlet | Found a large runed translucent door.
 34863 | Gauntlet | Found a large runed translucent door.
 34863 | Gauntlet | Found a large runed translucent door.
 34864 | Gauntlet | Found a large runed translucent door.
 34864 | Gauntlet | Found a runed translucent door.
 34864 | Gauntlet | Found a large runed translucent door.
 34864 | Gauntlet | Found a runed translucent door.
 34864 | Gauntlet | Found a large runed translucent door.
 34864 | Gauntlet | Found a large runed translucent door.
 34865 | Gauntlet | Found a large runed translucent door.
 34865 | Gauntlet | Found a large runed translucent door.
 34868 | Gauntlet | Found a large runed translucent door.
 34868 | Gauntlet | Found a large runed translucent door.
 34870 | Gauntlet | Found a large runed translucent door.
 34870 | Gauntlet | Found a large runed translucent door.
 34870 | Gauntlet | Found a large runed translucent door.
 34872 | Gauntlet | Found a runed translucent gate.
 34872 | Gauntlet | Found a runed translucent gate.
 34872 | Gauntlet | Found a runed translucent gate.
 34874 | Gauntlet | Found a transporter.
 34885 | Gauntlet | Found a large runed translucent door.
 34975 | Gauntlet | Found a transporter.
 34991 | Gauntlet | Found a transporter.
 35106 | Gauntlet | Identified the +9 shortbow "Morchoo Rome" {flame, rC+ Str-3
                  | Dex+4}
 35250 | Gauntlet | Identified the ring "Xudd" {rElec Will+ MP+9}
 35346 | Gauntlet | Identified the +3 chain mail "Soiqoovo" {Drain rN+++ Int+7}
 35564 | Gauntlet | Identified the +1 pair of boots "Deliuh" {rPois rN+ MP-9
                  | Str+7}
 35564 | Gauntlet | Identified the +1 leather armour of Rahon {Int+5}
 36270 | D:15     | Received a gift from Trog
 36495 | D:15     | HP: 3/139 [death knight (8)]
 37065 | D:15     | Reached skill level 23 in Polearms
 37504 | D:15     | Found a staircase to the Depths.
 38038 | Swamp:1  | Entered Level 1 of the Swamp
 39734 | Swamp:2  | Reached skill level 24 in Polearms
 40724 | Swamp:2  | Identified the +8 great mace "Vunis" {holy, rC+ Will+}
 41229 | Swamp:2  | HP: 7/208 [alligator[a spriggan druid] (9)]
 41232 | Swamp:2  | Reached XP level 18. HP: 7/146 MP: 3/18
 42856 | Swamp:4  | Entered Level 4 of the Swamp
 42864 | Swamp:4  | Reached skill level 10 in Dodging
 42884 | Swamp:4  | Noticed a tentacled monstrosity
 42899 | Swamp:4  | Killed a tentacled monstrosity
 42899 | Swamp:4  | Received a gift from Trog
 45782 | Swamp:4  | Reached skill level 15 in Fighting
 46641 | Swamp:4  | Found a blossoming altar of Fedhas.
 46654 | Swamp:4  | Received a gift from Trog
 46661 | Swamp:4  | Got a decaying rune of Zot
 46699 | Swamp:4  | Found a basalt altar of Yredelemnul.
 47048 | D:8      | Bought the ring "Zaunto" {rN+ MP+9 Dex+3 SInv} for 676 gold
                  | pieces
 47175 | Spider:1 | Entered Level 1 of the Spider Nest
 48186 | Spider:1 | Reached skill level 1 in Throwing
 48338 | Spider:1 | Found a runed translucent door.
 48338 | Spider:1 | Noticed knot's ghost (adept DsBe)
 49801 | Spider:2 | Reached XP level 19. HP: 119/155 MP: 19/19
 49855 | Spider:2 | Found a frozen archway.
 49943 | IceCv    | Entered an ice cave
 50801 | IceCv    | Identified the +0 pair of boots "Zenetsah" {Contam +Blink
                  | rN+ Str+4}
 50826 | IceCv    | Found an ancient bone altar of Kikubaaqudgha.
 51623 | IceCv    | Identified the ring of Poskucw {rF+ rN+}
 52546 | Spider:1 | Killed knot's ghost
 52707 | Spider:2 | Found a transporter.
 52733 | Spider:2 | Noticed Kaytir's ghost (adept TrCA)
 52903 | Spider:2 | Found a transporter.
 53279 | Spider:2 | Killed Kaytir's ghost
 53297 | Spider:2 | Reached skill level 5 in Throwing
 53300 | Spider:2 | Identified the ring "Koawn" {Fly Will+ Stlth+}
 53300 | Spider:2 | HP: 7/157 [disintegration (62)]
 53835 | Spider:3 | Noticed Nikola
 53839 | Spider:3 | Noticed Arachne
 53868 | Spider:3 | HP: 8/235 [poisoned by an emperor scorpion]
 53868 | Spider:3 | Mangled by an emperor scorpion

Illustrated notes

Levels and vault maps discovered:
D:1:      saegor_arrival_simple_b, layout_loops_corners,
          hellmonk_ecumenical_altar_arch_garden, serial_forest,
          infiniplex_forest_clump_curved, infiniplex_forest_lined_room_3,
          infiniplex_forest_straight_4, infiniplex_forest_lined_room_,
          infiniplex_forest_lined_ring, infiniplex_forest_end_3,
          infiniplex_forest_lined_3_way
D:2:      layout_loops_ring, serial_shops, nicolae_shop_hallway_stairs,
          minmay_misc_feat_rugged
D:3:      gammafunk_steamed_eel, layout_basic, serial_shops, shop,
          nicolae_shop_temple_entry_statues_fountains, supply_closet_lemuel
D:4:      layout_layer_cave, corexii_item_surrounded_by_moat,
          grunt_ministairs_1, grunt_decor_fettered, minmay_ruptured, uniq_ijyb,
          uniq_menkaure, uniq_blork_the_orc
D:5:      layout_loops_cross, minmay_temple_entry_proselytizer,
          ebering_ghost_rock_garden
D:6:      layout_basic, gammafunk_ghost_abyssal_escape,
          hangedman_abyss_or_decor_stabs
D:7:      layout_loops_ring, mainiacjoe_overflow_concentric_impassable,
          uniq_pikel, uniq_maggie
D:8:      layout_gridville, grunt_lair_entry_orc_guard_hut, minivault_10,
          nicolae_shop_unique_rings, roderic_st_hans_cross
D:9:      layout_layer_cave, hangedman_minor_gate_pass, uniq_joseph,
          uniq_maurice, uniq_erica, uniq_psyche, uniq_harold
D:10:     layout_cave_pods, minmay_unpleasant_kobolds
D:11:     layout_irregular_city, serial_shops, nicolae_shop_advertising_works
          [nicolae_subvault_shop_adworks], gammafunk_ghost_nasty_kobolds,
          nicolae_water_bricks
D:12:     dreamdust_isle_of_ice, layout_irregular_city,
          minmay_orc_entry_temple_large, serial_shops, shop_fountains,
          lemuel_zombie_altar_yredelemnul, uniq_josephine
D:13:     layout_rooms, library_closet, uniq_urug, uniq_erolcha
D:14:     layout_stronghold, erik_vaults_2, cheibriados_altar_1, uniq_frances,
          uniq_louise
D:15:     grunt_enter_depths_snipers, layout_loops_ring, gauntlet_entry_generic,
          minmay_misc_feat_enclosed
Lair:1:   layout_gridlike, enter_volcano_4, nicolae_lair_lakeside_cave
Lair:2:   layout_cave_shapes, spider_nest_entry_rubble,
          chequers_serial_rivers_room_b
Lair:3:   layout_cave_shapes, nicolae_swamp_entry_splash_gauntlet
Lair:4:   layout_roguey [special_room_mythical_zoo], basic_altar, pond,
          grunt_megastairs_4
Lair:5:   layout_long_grid, basic_altar, nzn_masters_of_martial_movement,
          serial_bayou_shore_b
Lair:6:   hellmonk_lair_end_abyssal_woods, layout_gridlike,
          minmay_slime_entry_oklob_open, st_stairs_11
Swamp:1:  layout_basic_swamp, evilmike_swamp_ruin_house_3
Swamp:2:  layout_basic_swamp, serial_swamp_ruin, hangedman_swamp_ruin_wall,
          evilmike_swamp_ruin_rubble_2
Swamp:3:  layout_falls_marsh, hangedman_swamp_ruin_hall, swamp_pool5
Swamp:4:  byrel_swamp_growth_death_and_undeath, layout_basic_swamp
Spider:1: layout_spider_delve, gammafunk_ghost_grave
Spider:2: layout_spider_delve, gammafunk_ghost_berserking_beasts,
          portal_ice_cave_entry_ice_statue_two
Spider:3: layout_cave_pods, ebering_ghost_xom, uniq_arachne, uniq_nikola
Orc:1:    layout_caves, basic_altar, nicolae_shop_gadgets
Orc:2:    st_orc_ogre_mass, layout_diamond_mine, bh_open_orc_temple, uniq_snorg,
          uniq_donald, uniq_saint_roka, uniq_sonja

Skill      XL: |  1  2  3  4  5  6  7  8  9 10 11 12 13 14 15 16 17 18 19 |
---------------+----------------------------------------------------------+-----
Polearms       | 5 6 7 8 9 12 15 19 20 21 24 | 24.0
Armour         | 2 3 4 5 6 9 12 13 14 15 16 17 18 | 18.2
Fighting       | 4 5 6 7 10 12 14 15 16 | 16.0
Dodging        | 6 9 12 | 12.0
Evocations     | 6 8 9 |  9.0
Throwing       | 2 5 |  5.2

Action                   |  1- 3 |  4- 6 |  7- 9 | 10-12 | 13-15 | 16-18 | 19-21 || total
-------------------------+-------+-------+-------+-------+-------+-------+-------++-------
Melee: Spear             |   156 |    64 |       |       |       |       |       ||   220
       Punch             |     1 |       |     3 |     5 |       |       |       ||     9
       Trident           |       |    53 |   289 |   205 |       |       |       ||   547
       Halberd           |       |       |       |   306 |       |       |       ||   306
       Glaive            |       |       |       |   177 |  1195 |   924 |   123 ||  2419
       Tailslap          |       |       |       |     2 |       |       |       ||     2
       Bardiche          |       |       |       |       |       |   543 |   162 ||   705
Throw: Stone             |       |       |    28 |     4 |    20 |    30 |     2 ||    84
       Dart              |       |       |     1 |     2 |       |       |    16 ||    19
       Throwing net      |       |       |     1 |     1 |       |     1 |       ||     3
Invok: Berserk           |     1 |     4 |     8 |     8 |    11 |    23 |     8 ||    63
       Trog's Hand       |       |       |     1 |     6 |     6 |     6 |     3 ||    22
       Brothers in Arms  |       |       |       |       |     3 |     3 |     4 ||    10
Evoke: Wand              |       |     2 |       |     1 |     5 |     4 |     4 ||    16
       Condenser vane    |       |       |       |       |     1 |     2 |     1 ||     4
       Tin of tremorston |       |       |       |       |       |     2 |       ||     2
       Phial of floods   |       |       |       |       |       |     1 |     1 ||     2
  Use: Scroll            |       |    10 |     4 |    10 |     3 |    10 |       ||    37
       Potion            |       |     1 |       |     2 |       |     2 |       ||     5
 Stab: Sleeping          |     1 |       |       |       |       |       |       ||     1
       Distracted        |     1 |       |       |       |     2 |     2 |       ||     5
       Held in net/web   |       |       |     2 |       |       |       |       ||     2
       Paralysed         |       |       |       |       |       |       |     1 ||     1
Armor: Leather armour    |    22 |     4 |       |       |       |       |       ||    26
       Ring mail         |       |    30 |       |       |       |       |       ||    30
       Steam dragon scal |       |       |     4 |       |       |       |       ||     4
       Plate armour      |       |       |    82 |   240 |   611 |    83 |       ||  1016
       Skin              |       |       |       |     2 |       |       |       ||     2
       Chain mail        |       |       |       |       |       |   899 |   227 ||  1126
Dodge: Dodged            |    65 |    37 |    71 |   186 |   524 |   981 |   277 ||  2141
Block: Buckler           |    11 |    11 |     2 |       |       |       |       ||    24

Table legend: (Time is in decaauts)
 A = Elapsed time spent in this place.
 B = Non-inter-level travel time spent in this place.
 C = Inter-level travel time spent in this place.
 D = Time resting spent in this place.
 E = Time spent auto-exploring this place.
 F = Levels seen in this place.
 G = Mean time per level.
                   A        B        C        D        E       F      G
               +--------+--------+--------+--------+--------+-----+--------+
         Total |  52905 |  49236 |   3669 |  11721 |  29924 |  33 | 1603.2 |
       Dungeon |  22175 |  20297 |   1878 |   2705 |  14900 |  15 | 1478.3 |
          Lair |  11597 |  10790 |    807 |   2245 |   6566 |   6 | 1932.8 |
         Swamp |   8074 |   7712 |    362 |   2806 |   3933 |   4 | 2018.5 |
   Spider Nest |   3993 |   3503 |    490 |    759 |   2232 |   3 | 1331.0 |
  Orcish Mines |   3671 |   3541 |    130 |   1373 |   1552 |   2 | 1835.5 |
      Ice Cave |   1927 |   1927 |      0 |   1290 |    238 |   1 | 1927.0 |
       Volcano |    493 |    493 |      0 |    216 |     80 |   1 |  493.0 |
      Gauntlet |    972 |    972 |      0 |    325 |    422 |   1 |  972.0 |
               +--------+--------+--------+--------+--------+-----+--------+

Top non-repeatable levels by time:
 Swamp:3: 3261 daAuts
  Lair:6: 3139 daAuts
    D:12: 2796 daAuts
Spider:1: 2574 daAuts
   Orc:1: 2505 daAuts
    D:14: 2258 daAuts
  Lair:3: 2098 daAuts
  Lair:4: 2083 daAuts
     D:9: 2077 daAuts
     D:3: 2038 daAuts
 Swamp:1: 1991 daAuts
   IceCv: 1927 daAuts
  Lair:1: 1830 daAuts
     D:6: 1758 daAuts
    D:15: 1750 daAuts
